 Dungeon Crawl Stone Soup version 0.24-a0-84-g25a2d9f (webtiles) character file.

Game seed: 2793428679938087828

4675 YingTang the Slicer (level 10, -2/70 HPs)
             Began as a Demonspawn Assassin on Feb 7, 2019.
             Was a Believer of Wu Jian.
             Slain by Snorg (10 damage)
             ... on level 10 of the Dungeon.
             The game lasted 00:41:26 (15356 turns).

YingTang the Slicer (Demonspawn Assassin)          Turns: 15356, Time: 00:41:28

Health: -2/70      AC: 20    Str: 13    XL:     10   Next: 21%
Magic:  11/11      EV:  7    Int:  7    God:    Wu Jian [**....]
Gold:   546        SH:  7    Dex: 15    Spells: 9/9 levels left

rFire    . . .     SeeInvis .   a - +4 short sword (flame)
rCold    + + .     Gourm    .   s - +0 shield
rNeg     . . .     Faith    .   S - +5 ring mail of Protective Custody {+Fly rElec rC+ Int-5}
rPois    .         Spirit   .   (helmet restricted)
rElec    +         Reflect  .   d - +1 cloak
rCorr    .         Harm     .   k - +0 pair of gloves
MR       +....                  (no boots)
Stlth    ++........             R - amulet of magic regeneration
HPRegen  0.21/turn              I - ring of protection from magic
MPRegen  0.37/turn              i - ring of ice

@: sanguine armour, serpent's lash
A: antennae 1, hooves 1, deterioration 1, fire resistance 1, foul stench 2, high
mp 1, powered by death 2, weak 1, evolution 1, rot immunity, subdued magic 1,
sanguine armour 1
a: Wall Jump, Renounce Religion, Evoke Flight


You were on level 10 of the Dungeon.
You worshipped Wu Jian.
Wu Jian was pleased with you.
You were not hungry.

You visited 2 branches of the dungeon, and saw 11 of its levels.

You collected 546 gold pieces.

Inventory:

Hand Weapons
 a - a +4 short sword of flaming (weapon)
 b - a +0 blowgun
 F - a +0 rapier
 P - a +2 dagger
Missiles
 e - 18 poisoned needles
 f - 2 curare-tipped needles
 v - 7 needles of confusion
 z - 212 stones
 G - 14 tomahawks
 L - a throwing net
 N - 2 javelins of returning
 Q - 13 javelins (quivered)
Armour
 d - a +1 cloak (worn)
 k - a +0 pair of gloves (worn)
 s - a +0 shield (worn)
 S - the +5 ring mail of Protective Custody (worn) {+Fly rElec rC+ Int-5}
   (You found it on level 9 of the Dungeon)

   It affects your intelligence (-5).
   It protects you from cold.
   It insulates you from electricity.
   It lets you fly.
Jewellery
 i - a ring of ice (right hand)
 n - an uncursed ring of resist corrosion
 I - a ring of protection from magic (left hand)
 R - an amulet of magic regeneration (around neck)
Wands
 m - a wand of digging (4)
Scrolls
 c - a scroll of enchant weapon
 h - 3 scrolls of magic mapping
 o - 7 scrolls of remove curse
 r - 2 scrolls of noise
 t - a scroll of holy word {unknown}
 w - 2 scrolls of fog
 x - 2 scrolls of amnesia
 y - 2 scrolls of identify
 C - a scroll of immolation
 D - 2 scrolls of teleportation
Potions
 j - 2 potions of brilliance {unknown}
 l - 3 potions of lignification
 p - 2 potions of heal wounds {unknown}
 q - 3 potions of flight {unknown}
 u - 3 potions of curing {unknown}
 A - 2 potions of resistance {unknown}
 B - 2 potions of agility
 E - a potion of degeneration {unknown}
 J - a potion of cancellation {unknown}
 K - 3 potions of invisibility {unknown}
 M - 2 potions of ambrosia
 T - a potion of magic {unknown}
Comestibles
 g - 17 rations
 H - 2 chunks of flesh


   Skills:
 + Level 3.4 Fighting
 + Level 11.9 Short Blades
 - Level 3.0 Throwing
 + Level 4.9 Armour
 - Level 0.8 Dodging
 + Level 4.2 Stealth
 * Level 1.1 Shields


You had 9 spell levels left.
You didn't know any spells.
Your spell library contained the following spells:

 Spells                   Type           Power        Failure   Level  Hunger
 Apportation              Tloc           #.....       99%         1    ##.....
 Beastly Appendage        Tmut           #.....       99%         1    ##.....
 Magic Dart               Conj           #...         99%         1    ##.....
 Summon Butterflies       Summ           #.......     99%         1    ##.....
 Blink                    Tloc           N/A          100%        2    ###....
 Call Imp                 Summ           #.......     100%        2    ###....
 Slow                     Hex            #.......     100%        2    ###....
 Sticks to Snakes         Tmut           #.......     100%        2    ###....
 Conjure Flame            Conj/Fire      #.......     100%        3    ####...
 Lesser Beckoning         Tloc           #.........   100%        3    ####...
 Mephitic Cloud           Conj/Pois/Air  #.......     100%        3    ####...
 Spider Form              Tmut/Pois      #.........   100%        3    ####...
 Tukima's Dance           Hex            #.......     100%        3    ####...
 Ice Form                 Ice/Tmut       #.......     100%        4    #####..
 Alistair's Intoxication  Tmut/Pois      #.......     100%        5    ######.
 Blade Hands              Tmut           #.........   100%        5    ######.
 Invisibility             Hex            #.......     100%        6    #######


Dungeon Overview and Level Annotations

Branches:
Dungeon (10/15)            Temple (1/1) D:6            Lair (0/6) D:8
    Orc: D:9-12

Altars:
Ashenzari
Cheibriados
Dithmenos
Elyvilon
Fedhas
Gozag
Hepliaklqana
Kikubaaqudgha
Makhleb
Nemelex Xobeh
Okawaru
Qazlal
Ru
Sif Muna
Trog
Uskayaw
Vehumet
Wu Jian
Xom
Yredelemnul
Zin
The Shining One

Annotations:
D:2 exclusion: downstairs
D:3 exclusion: downstairs, Grinder
D:5 exclusion: downstairs
D:6 exclusion: downstairs
D:7 exclusion: downstairs
D:8 exclusion: downstairs
D:10 Snorg


Innate Abilities, Weirdness & Mutations

You have a pair of small antennae on your head.
You frequently emit foul miasma when damaged in melee.
You regenerate health from kills.
You are immune to rotting.
When seriously injured, your bleeding wounds create armour. (AC +6)
You have large cloven feet.
Your body sometimes deteriorates upon taking damage.
Your flesh is heat resistant. (rF+)
You have an increased reservoir of magic. (+10% MP)
You are weak. (Str -2)
You evolve.
Your spells are a little easier to cast, but a little less powerful.


Message History

You hit Snorg. You burn Snorg. You kick Snorg.
Snorg is severely wounded.
Snorg is engulfed in dark miasma.
Snorg looks as sick as possible!
You block Snorg's attack. Snorg claws you but does no damage. x2
Unknown command.
You hit Snorg. You burn Snorg. You kick Snorg.
Snorg is severely wounded.
Unknown command.
You hit Snorg. You burn Snorg. You kick Snorg.
Snorg is almost dead.
Snorg is engulfed in dark miasma.
Snorg looks as sick as possible!
You block Snorg's attack. Snorg claws you but does no damage. x2
Unknown command.
You puncture Snorg! You burn Snorg.
Snorg is almost dead.
Snorg is engulfed in dark miasma.
Snorg looks as sick as possible!
Snorg seems to slow down.
You block Snorg's attack. Snorg claws you!
* * * LOW HITPOINT WARNING * * *
Snorg claws you!
You die...

#..# #(#
#..################.##
#....................[
#..##################.
#..# #. #..# #. #..#
#. #..########## ###.
#....@T...... ......
#............ ......
#..########## ####.#
#..# #. #..# #. #..#
#. #..# #..


You could see Snorg (berserk).

Vanquished Creatures
  A two-headed ogre (D:9)
  A gargoyle (D:10)
  A troll (D:9)
  A phantom (D:10)
  2 eyes of draining
  2 sky beasts (D:8)
  2 orc warriors
  An ice beast (D:6)
  2 ogres
  3 centaurs
  3 big kobolds
  A bullfrog (D:5)
  A wyvern zombie (D:7)
  A wyvern skeleton (D:6)
  4 scorpions
  8 killer bees
  A howler monkey (D:9)
  A centaur zombie (D:8)
  3 crimson imps
  A bullfrog zombie (D:7)
  3 bullfrog skeletons
  5 orc wizards
  9 orc priests
  4 hounds
  2 jellies
  Jessica (D:3)
  Terence (D:2)
  4 worker ants
  3 hound zombies
  A worker ant zombie (D:5)
  11 gnolls
  A howler monkey skeleton (D:8)
  8 adders
  A shadow imp (D:9)
  An ooze (D:1)
  2 adder zombies
  2 adder skeletons
  3 dart slugs
  7 leopard geckos
  51 orcs
  A giant cockroach (D:1)
  5 goblins
  9 hobgoblins
  12 jackals
  19 kobolds
  4 quokkas
  4 ball pythons
  6 bats
  6 frilled lizards
  A leopard gecko skeleton (D:4)
  A leopard gecko zombie (D:5)
  2 quokka zombies
  5 rats
235 creatures vanquished.

Notes
Turn   | Place    | Note
-------+----------+-------------------------------------------
     0 | D:1      | YingTang the Demonspawn Assassin began the quest for the
                  | Orb.
     0 | D:1      | Reached XP level 1. HP: 16/16 MP: 1/1
    31 | D:1      | Reached skill level 2 in Short Blades
   171 | D:1      | Gained mutation: When seriously injured, your bleeding
                  | wounds create armour. (AC +6) [demonic ancestry]
   171 | D:1      | Reached XP level 2. HP: 21/22 MP: 2/2
   337 | D:1      | Reached skill level 3 in Short Blades
   553 | D:1      | Gained mutation: You have a pair of small antennae on your
                  | head. [demonic ancestry]
   553 | D:1      | Reached XP level 3. HP: 26/27 MP: 3/3
  1188 | D:2      | Found a shadowy altar of Dithmenos.
  1415 | D:2      | Reached skill level 4 in Short Blades
  1415 | D:2      | Gained mutation: You are immune to rotting. [demonic
                  | ancestry]
  1415 | D:2      | Reached XP level 4. HP: 33/33 MP: 4/4
  1764 | D:3      | Noticed Terence
  1995 | D:3      | Noticed Jessica
  2008 | D:3      | Killed Jessica
  2114 | D:2      | Killed Terence
  2114 | D:2      | Reached skill level 1 in Armour
  2114 | D:2      | Reached XP level 5. HP: 23/38 MP: 5/5
  2779 | D:3      | Found a blossoming altar of Fedhas.
  3155 | D:3      | Found a shattered altar of Ashenzari.
  3162 | D:3      | Noticed Grinder
  3316 | D:3      | Found a bloodstained altar of Trog.
  3323 | D:3      | Paralysed by Grinder for 6 turns
  3379 | D:3      | Gained mutation: Your body sometimes deteriorates upon
                  | taking damage. [potion of mutation]
  3379 | D:3      | Gained mutation: You have an increased reservoir of magic.
                  | (+10% MP) [potion of mutation]
  3379 | D:3      | Gained mutation: You are agile. (Dex +2) [potion of
                  | mutation]
  3380 | D:3      | Lost mutation: Your body sometimes deteriorates upon taking
                  | damage. [potion of mutation]
  3380 | D:3      | Lost mutation: You are agile. (Dex +2) [potion of mutation]
  3380 | D:3      | Gained mutation: Your body sometimes deteriorates upon
                  | taking damage. [potion of mutation]
  3380 | D:3      | Gained mutation: Your spells are a little easier to cast,
                  | but a little less powerful. [potion of mutation]
  3380 | D:3      | Gained mutation: You evolve. [potion of mutation]
  3646 | D:4      | Found a snail-covered altar of Cheibriados.
  3694 | D:4      | Noticed a phantom
  3844 | D:3      | Reached XP level 6. HP: 7/44 MP: 6/6
  4701 | D:4      | Reached skill level 5 in Short Blades
  5676 | D:5      | Entered Level 5 of the Dungeon
  5995 | D:5      | Gained mutation: You may emit foul miasma when damaged in
                  | melee. [demonic ancestry]
  5995 | D:5      | Reached XP level 7. HP: 38/50 MP: 7/7
  7441 | D:5      | Reached skill level 6 in Short Blades
  8420 | D:6      | Found a staircase to the Ecumenical Temple.
  8429 | Temple   | Entered the Ecumenical Temple
  8436 | Temple   | Became a worshipper of the Wu Jian Council
  8509 | D:6      | Found a hazy altar of Hepliaklqana.
  8621 | D:6      | Gained mutation: Your flesh is heat resistant. (rF+)
                  | [evolution]
  8881 | D:6      | Reached skill level 7 in Short Blades
  8881 | D:6      | Gained mutation: You regenerate a little health from kills.
                  | [demonic ancestry]
  8881 | D:6      | Reached XP level 8. HP: 38/56 MP: 8/8
  9729 | D:6      | Found an iron altar of Okawaru.
 10324 | D:7      | Reached skill level 8 in Short Blades
 10785 | D:7      | Found a glowing silver altar of Zin.
 11188 | D:7      | Found a sparkling altar of Nemelex Xobeh.
 11401 | D:6      | Reached skill level 9 in Short Blades
 11895 | D:7      | Reached * piety under Wu Jian
 11909 | D:7      | Found a blossoming altar of Fedhas.
 12054 | D:6      | Gained mutation: You frequently emit foul miasma when
                  | damaged in melee. [demonic ancestry]
 12054 | D:6      | Reached XP level 9. HP: 40/61 MP: 9/9
 12438 | D:8      | Reached skill level 10 in Short Blades
 13063 | D:8      | Reached ** piety under Wu Jian
 13169 | D:8      | Gained mutation: You have large cloven feet. [evolution]
 13549 | D:8      | Found a staircase to the Lair.
 13632 | D:9      | Noticed a two-headed ogre
 13642 | D:9      | Got a spiked ring mail
 13700 | D:8      | Identified the +5 ring mail of Protective Custody {+Fly
                  | rElec rC+ Int-5} (You found it on level 9 of the Dungeon)
 13977 | D:9      | Noticed a troll
 13995 | D:9      | Killed a troll
 13995 | D:9      | Reached skill level 11 in Short Blades
 14273 | D:9      | Noticed a two-headed ogre
 14277 | D:9      | Killed a two-headed ogre
 14530 | D:9      | Gained mutation: You regenerate health from kills. [demonic
                  | ancestry]
 14530 | D:9      | Reached XP level 10. HP: 63/70 MP: 11/11
 14549 | D:9      | Found a stormy altar of Qazlal.
 14686 | D:9      | Gained mutation: You are weak. (Str -2) [evolution]
 15148 | D:10     | Entered Level 10 of the Dungeon
 15169 | D:10     | Noticed a gargoyle
 15188 | D:10     | Killed a gargoyle
 15296 | D:10     | Reached skill level 1 in Shields
 15308 | D:10     | Reached *** piety under Wu Jian
 15340 | D:10     | Noticed Snorg
 15356 | D:10     | Slain by Snorg

Levels and vault maps discovered:

Skill      XL: |  1  2  3  4  5  6  7  8  9 10 |
---------------+-------------------------------+-----
Short Blades   | 2 3 4 5 7 9 11 | 11.9
Throwing       | 2 3 |  3.0
Armour         | 1 2 3 4 |  4.9
Stealth        | 4 |  4.2
Fighting       | 3 |  3.4
Shields        | 1 |  1.1
Dodging        | |  0.8

Action                   |  1- 3 |  4- 6 |  7- 9 | 10-12 || total
-------------------------+-------+-------+-------+-------++-------
Melee: Dagger            |   120 |   306 |   320 |       ||   746
       Short sword       |       |       |   391 |    88 ||   479
       Kick              |       |       |    22 |    27 ||    49
       Blowgun           |       |       |     1 |     1 ||     2
 Fire: Blowgun           |     4 |    34 |    43 |     3 ||    84
Throw: Javelin           |     2 |     2 |       |       ||     4
       Tomahawk          |       |       |     4 |       ||     4
       Stone             |       |       |     3 |       ||     3
Invok: Lunge             |       |       |    27 |     7 ||    34
       Whirlwind         |       |       |    18 |     6 ||    24
       Serpent's Lash    |       |       |       |     1 ||     1
  Use: Scroll            |       |     7 |    10 |       ||    17
       Potion            |       |     4 |     1 |       ||     5
 Stab: Sleeping          |     7 |     4 |     6 |     3 ||    20
       Distracted        |       |       |     1 |       ||     1
  Eat: Chunk             |     2 |    14 |    23 |     3 ||    42
       Ration            |       |       |     1 |       ||     1
Armor: Robe              |    16 |       |       |       ||    16
       Ring mail         |    20 |    92 |   205 |    23 ||   340
Dodge: Dodged            |    50 |   114 |   245 |    10 ||   419
Block: Shield            |       |       |       |    14 ||    14

Table legend:
 A = Non-vault XP
 B = Vault XP
 C = Vault XP percentage of total XP
 D = Non-vault monster count
 E = Vault monster count
 F = Vault count percentage of total count
                 A         B        C        D         E       F
            +---------+---------+-------+---------+---------+-------
      Total |    6593 |      86 |   1.3 |     226 |       9 |   3.8
            +---------+---------+-------+---------+---------+-------
        D:1 |      37 |      10 |  21.3 |      20 |       6 |  23.1
        D:2 |      67 |      36 |  35.0 |      17 |       1 |   5.6
        D:3 |     189 |      37 |  16.4 |      28 |       1 |   3.4
        D:4 |     341 |       0 |   0.0 |      24 |       0 |   0.0
        D:5 |     546 |       0 |   0.0 |      27 |       0 |   0.0
        D:6 |     685 |       0 |   0.0 |      23 |       0 |   0.0
        D:7 |    1064 |       3 |   0.3 |      35 |       1 |   2.8
        D:8 |     928 |       0 |   0.0 |      21 |       0 |   0.0
        D:9 |    1906 |       0 |   0.0 |      23 |       0 |   0.0
       D:10 |     830 |       0 |   0.0 |       8 |       0 |   0.0
            +---------+---------+-------+---------+---------+-------
